 Dungeon Crawl Stone Soup version 0.31.0-9-g3a7656b989 (webtiles) character file.

Game seed: 1316581938414655093

200 monsoonserge the Shooter (level 6, 0/44 HPs)
             Began as a Formicid Hexslinger on Jan 24, 2024.
             Slain by a goblin
             ... wielding a +0 club
             ... led by Robin
              (4 damage)
             ... on level 3 of the Dungeon.
             The game lasted 00:09:40 (2049 turns).

monsoonserge the Shooter (Formicid Hexslinger)      Turns: 2049, Time: 00:09:40

Health: 0/44       AC:  3    Str: 12    XL:     6   Next: 6%
Magic:  5/8        EV: 12    Int: 13    God:
Gold:   199        SH:  0    Dex: 18    Spells: 6/8 levels left

rFire   . . .        a - +1 sling
rCold   . . .        (no shield)
rNeg    . . .        h - +0 leather armour
rPois   .            (helmet unavailable)
rElec   .            (no cloak)
rCorr   .            (no gloves)
SInv    +            (no boots)
Will    .....        (no amulet)
Stlth   +            (no ring)
HPRegen 0.27/turn    (no ring)
MPRegen 0.11/turn

%: no passive effects
@: weak-willed, jinxed
A: permanent stasis, dig shafts and tunnels, antennae 3, four strong arms
a: Dig, Shaft Self


You were on level 3 of the Dungeon.
You visited 1 branch of the dungeon, and saw 3 of its levels.

You collected 199 gold pieces.

Inventory:

Hand Weapons
 a - a +1 sling (weapon)
Missiles
 f - 2 throwing nets
 j - 3 atropa-tipped darts
Armour
 c - a +0 robe
 h - a +0 leather armour (worn)
Magical Staves
 k - a staff of cold
Wands
 i - a wand of charming (9)
Scrolls
 b - a scroll of poison
 e - a scroll of vulnerability
 g - 2 scrolls of butterflies {unknown}
 m - a scroll of fog {unknown}
 n - a scroll of fear
 o - a scroll of enchant weapon
Potions
 d - a potion of enlightenment
 l - 2 potions of curing


   Skills:
 + Level 1.9 Fighting
 + Level 4.4 Ranged Weapons
 + Level 2.0 Armour
 + Level 2.1 Dodging
 + Level 1.6 Spellcasting
 + Level 4.1 Hexes
 - Level 1.0 Fire Magic


You had 6 spell levels left.
You knew the following spells:

 Your Spells              Type           Power      Damage    Failure   Level
a - Jinxbite              Hex            22%        N/A       10%         2

Your spell library contained the following spells:

 Spells                   Type           Power      Damage    Failure   Level
 Sigil of Binding         Hex            11%        N/A       19%         3
 Ensorcelled Hibernation  Hex/Ice        12%        N/A       22%         2
 Inner Flame              Hex/Fire       7%         N/A       34%         3
 Cause Fear               Hex            5%         N/A       52%         4
 Passwall                 Erth           1%         N/A       71%         3
 Dimensional Bullseye     Hex/Tloc       3%         N/A       82%         4
 Swiftness                Air            Unusable   N/A       N/A         3

Dungeon Overview and Level Annotations

Branches:
Dungeon (3/15)

Altars:
Qazlal

Annotations:
D:3 Robin, Terence


Innate Abilities, Weirdness & Mutations

You cannot be hasted, slowed, berserked, paralysed or teleported.
You can dig through walls and to a lower floor.
You have a pair of large antennae on your head. (SInv)
Your four strong arms can wield two-handed weapons with a shield.


Message History

Fire: a) +1 sling
Press: ? - help, Q - select action, (/) - cycle Shift-Dir - straight line, f - Robin
Aim: Robin, wielding a +0 dagger, wearing a +0 animal skin and wearing a +0 helmet (severely wounded, chance to call a sprite on attack: 53%, 69% to hit)
You shoot a sling bullet. The sling bullet hits the hobgoblin.
You kill the hobgoblin!
Terence completely misses you.
Terence hits you from afar with a +0 trident.
Unknown command.
Fire: a) +1 sling
Press: ? - help, Q - select action, (/) - cycle Shift-Dir - straight line, f/p - Robin
Aim: Robin, wielding a +0 dagger, wearing a +0 animal skin and wearing a +0 helmet (severely wounded, chance to call a sprite on attack: 53%, 69% to hit)
You shoot a sling bullet.
The sling bullet barely misses the hobgoblin.
The sling bullet hits the goblin.
The goblin is heavily wounded.
The hobgoblin hits you.
* * * LOW HITPOINT WARNING * * *
Robin throws the goblin at you!
Aiming: Charm
Press: ? - help, Shift-Dir - straight line, f/p - Robin
Aim: Robin, wielding a +0 dagger, wearing a +0 animal skin and wearing a +0 helmet (severely wounded, chance to call a sprite on attack: 53%, chance to affect: 57%)
The hobgoblin is charmed.
The goblin hits you with a +0 dagger.
* * * LOW HITPOINT WARNING * * *
The goblin barely misses your hobgoblin.
The goblin closely misses you.
Your hobgoblin closely misses the goblin.
The goblin hits you but does no damage. Robin throws the goblin at you!
* * * LOW HITPOINT WARNING * * *
The goblin misses you.
Your hobgoblin no longer looks unusually strong.
The goblin attacks as it pursues you! The goblin hits you with a +0 dagger.
* * * LOW HITPOINT WARNING * * *
The goblin closely misses you.
There is a stone staircase leading down here.
The goblin no longer looks unusually strong.
Your hobgoblin barely misses the goblin.
The goblin hits you with a +0 dagger.
* * * LOW HITPOINT WARNING * * *
The goblin hits you with a +0 club.
You die...

# ## .# .# .###########
##########
...........####........#
##########......@g.....# #
############.gg......#
###...##...####.gg.....#
##...)......###...@)...#
.(...........#####.#####
.............# #g##
#....!.......#####).######
##.)<.......###....).....#
#.....#...####..).......#


You could see Terence, Robin, 4 goblins and a friendly hobgoblin (charmed).

Vanquished Creatures
  Natasha (thrice) (D:2)
  4 adders
  2 dart slugs
  4 ribbon worms
  4 orcs
  4 endoplasms
  2 giant cockroaches
  8 goblins
  6 hobgoblins
  7 jackals
  3 quokkas (D:1)
  5 ball pythons
  9 bats
  A frilled lizard (D:2)
  4 kobolds
  3 rats
69 creatures vanquished.

Vanquished Creatures (collateral kills)
  2 goblins (D:3)
  A hobgoblin (D:3)
3 creatures vanquished.

Vanquished Creatures (others)
  2 goblins (D:3)
2 creatures vanquished.

Grand Total: 74 creatures vanquished

Notes
Turn   | Place    | Note
-------+----------+-------------------------------------------
     0 | D:1      | monsoonserge the Formicid Hexslinger began the quest for
                  | the Orb.
     0 | D:1      | Reached XP level 1. HP: 15/15 MP: 2/2
   127 | D:1      | Reached XP level 2. HP: 21/21 MP: 3/3
   279 | D:1      | Learned a level 2 spell: Jinxbite
   302 | D:1      | Reached XP level 3. HP: 26/26 MP: 4/4
   991 | D:2      | Noticed Natasha
  1001 | D:2      | Killed Natasha
  1002 | D:2      | Reached XP level 4. HP: 23/32 MP: 3/5
  1065 | D:2      | Noticed Natasha
  1076 | D:2      | Killed Natasha
  1077 | D:2      | Reached skill level 1 in Armour
  1077 | D:2      | Reached XP level 5. HP: 29/38 MP: 0/6
  1081 | D:2      | Found a stormy altar of Qazlal.
  1562 | D:2      | Noticed Natasha
  1570 | D:2      | Killed Natasha
  1890 | D:3      | Reached XP level 6. HP: 43/44 MP: 6/8
  2014 | D:3      | Noticed Robin
  2015 | D:3      | Noticed Terence
  2049 | D:3      | Slain by a goblin

Illustrated notes

Levels and vault maps discovered:
D:1:      elethiomel_arrival_quiet, layout_loops_ring, minmay_misc_feat_x,
          serial_bayou_pond_c
D:2:      layout_rooms, basic_altar, minmay_quadrilaterals, uniq_natasha
D:3:      layout_rooms, mainiacjoe_overflow_chevrons, tgw_fedhas,
          nicolae_wormholes, uniq_terence, uniq_sigmund, uniq_robin

Skill      XL: |  1  2  3  4  5 |
---------------+----------------+-----
Hexes          | 4 |  4.1
Ranged Weapons | 3 4 |  4.4
Dodging        | 2 |  2.1
Armour         | 1 2 |  2.0
Fighting       | |  1.9
Spellcasting   | |  1.6
Fire Magic     | |  1.0

Action                     |  1- 3 |  4- 6 || total
---------------------------+-------+-------++-------
   Fire: Sling             |   109 |   128 ||   237
   Cast: Jinxbite          |     1 |    13 ||    14
Ability: Dig               |     4 |       ||     4
  Evoke: Wand              |       |     3 ||     3
    Use: Scroll            |       |     6 ||     6
 Armour: Robe              |    16 |       ||    16
         Leather armour    |    29 |    57 ||    86
  Dodge: Dodged            |    40 |    63 ||   103
